 Dungeon Crawl Stone Soup version 0.16-a0-4112-g89a4107 (webtiles) character file.

243614 timbw the Severer (level 18, -4/166 HPs)
             Began as a Centaur Fighter on Feb 27, 2015.
             Was the Champion of the Shining One.
             Slain by Dissolution (26 damage)
             ... while paralysed by a giant eyeball
             ... on level 2 of the Pits of Slime.
             The game lasted 02:13:44 (24849 turns).

timbw the Severer (Centaur Fighter)                Turns: 24849, Time: 02:13:44

Health: -4/166     AC:  4    Str: 38    XL:     18   Next: 71%
Magic:  15/28      EV:  1    Int: 10    God:    the Shining One [******]
Gold:   788        SH:  0    Dex: 15    Spells: 6 memorised, 8 levels left

rFire  + + .     SeeInvis .     T - -1 battleaxe of Ukutuug {chop, rF- Str+10 Dex+2}
rCold  + + .     Clarity  .     I - +1 troll leather armour
rNeg   + + +     SustAb   .     (no shield)
rPois  +         Gourm    .     U - +2 hat {rF+}
rElec  +         Spirit   .     G - +0 cloak of Starlight {rElec rC+ EV+4 Stlth-}
rCorr  .         Warding  .     t - +2 pair of gloves {Dex+3}
rMut   .         Stasis   .     (no barding)
MR     +++..                    e - amulet of Fyemit {Faith rElec rC+ MR+ Int+3}
Stlth  +.........               g - +5 ring of protection
                                F - ring of Mnuopp {rPois rF++ MR+ Stlth+}

@: paralysed, corroded equipment, glowing, repel missiles, very quick, extremely
resistant to hostile enchantments, very unstealthy
A: hooves 3, horns 1, agile 1, deformed body, speed 2, tough skin 3
a: Divine Shield, Cleansing Flame, Summon Divine Warrior, Renounce Religion
}: 2/15 runes: serpentine, barnacled


You were on level 2 of the Pits of Slime.
You worshipped the Shining One.
The Shining One was exalted by your worship.
You were not hungry.

You visited 7 branches of the dungeon, and saw 39 of its levels.
You visited 1 bazaar.
You also visited: Labyrinth, Ice Cave and Volcano.

You collected 2957 gold pieces.
You spent 2169 gold pieces at shops.

Inventory:

Hand weapons
 L - the +9 broad axe "Sifutud" {holy, +Inv rF+ MR+ Str-5 Stlth+}
   (You found it on level 3 of the Elven Halls)

   It has been blessed by the Shining One to cause great damage to the undead
   and demons.
   It affects your strength (-5).
   It protects you from fire.
   It affects your resistance to hostile enchantments.
   It lets you turn invisible.
   It makes you more stealthy.
 T - the -1 battleaxe of Ukutuug (weapon) {chop, rF- Str+10 Dex+2}
   (You found it in a labyrinth)

   It inflicts extra damage upon your enemies.
   It affects your strength (+10).
   It affects your dexterity (+2).
   It makes you vulnerable to fire.
Armour
 t - a +2 pair of gloves of dexterity (worn)
 G - the +0 cloak of Starlight (worn) {rElec rC+ EV+4 Stlth-}
   (You bought it in a shop on level 3 of the Orcish Mines)

   It affects your evasion (+4).
   It protects you from cold.
   It insulates you from electricity.
   It makes you less stealthy.
 I - a +1 troll leather armour (worn)
 U - a +2 hat of fire resistance (worn)
Jewellery
 e - the amulet of Fyemit (around neck) {Faith rElec rC+ MR+ Int+3}
   (You took it off a minotaur in a labyrinth)

   [amulet of faith]

   It allows you to gain divine favour quickly.
   It affects your intelligence (+3).
   It protects you from cold.
   It insulates you from electricity.
   It affects your resistance to hostile enchantments.
 g - a +5 ring of protection (right hand)
 q - the ring of Dueddure {Ice rElec Dex+4 Stlth-}
   (You found it in a labyrinth)

   [ring of ice]

   It enhances your ice magic, and weakens your fire magic.
   It affects your dexterity (+4).
   It makes you vulnerable to fire.
   It protects you from cold.
   It insulates you from electricity.
   It makes you less stealthy.
 s - an uncursed ring of teleportation
 u - the ring of Plog {rF+ MR+ Str+4}
   (You took it off a deep elf sorcerer on level 3 of the Elven Halls)

   [ring of strength]

   It affects your strength (+4).
   It protects you from fire.
   It affects your resistance to hostile enchantments.
 E - an uncursed ring of protection from cold
 F - the ring of Mnuopp (left hand) {rPois rF++ MR+ Stlth+}
   (You found it on level 10 of the Dungeon)

   [ring of stealth]

   It greatly protects you from fire.
   It protects you from poison.
   It affects your resistance to hostile enchantments.
   It makes you more stealthy.
 R - an uncursed ring of protection from fire
 S - the ring of Qefi {SustAb rElec MR- Int+2 SInv}
   (You found it in a labyrinth)

   [ring of sustain abilities]

   It sustains your strength, intelligence and dexterity.
   It affects your intelligence (+2).
   It insulates you from electricity.
   It affects your resistance to hostile enchantments.
   It enhances your eyesight.
Magical devices
 b - a wand of polymorph (13)
 c - a wand of cold (7)
 m - a wand of hasting (4)
 o - a wand of disintegration (0)
 p - a wand of disintegration (9)
 M - a wand of lightning (3)
Scrolls
 a - 4 scrolls of enchant weapon
 i - 3 scrolls of teleportation
 l - a scroll of magic mapping
 v - a scroll of identify
 y - a scroll of silence
 B - a scroll of fear
 C - 3 scrolls of fog
 D - 4 scrolls of recharging
 V - 2 scrolls of remove curse
 Z - 4 scrolls of vulnerability
Potions
 f - 6 potions of brilliance
 h - 3 potions of might
 k - 4 potions of restore abilities
 x - 3 potions of heal wounds
 z - 3 potions of resistance
 A - 4 potions of curing
 H - 2 potions of agility
 K - a potion of cancellation
 P - a potion of ambrosia
 W - a potion of flight
 X - a potion of berserk rage
 Y - 2 potions of haste
Books
 w - a book of Dreams

   Spells                             Type                      Level
   a - Ensorcelled Hibernation        Hexes/Ice                    2
   b - Flight                         Charms/Air                   3
   c - Phase Shift                    Translocation                5
   d - Shadow Creatures               Summoning                    5
   e - Mass Confusion                 Hexes                        6
   f - Darkness                       Hexes                        7
 Q - a book of Enchantments

   Spells                             Type                      Level
   a - Tukima's Dance                 Hexes                        3
   b - Cause Fear                     Hexes                        4
   c - Silence                        Hexes/Air                    5
   d - Deflect Missiles               Charms/Air                   6
   e - Haste                          Charms                       6
   f - Discord                        Hexes                        8
Miscellaneous
 r - a phial of floods
 J - a stone of tremors
 O - a lamp of fire
Comestibles
 d - 11 bread rations
 j - 19 fruits
 n - 9 meat rations


   Skills:
 + Level 15.8 Fighting
 - Level 20.0 Axes
 - Level 9.5 Armour
 - Level 7.5 Dodging
   Level 2.1 Shields
 - Level 3.9 Spellcasting
 - Level 4.8 Charms
 - Level 5.0 Air Magic
 - Level 6.1 Invocations
 * Level 9.1 Evocations


You had 8 spell levels left.
You knew the following spells:

 Your Spells              Type           Power        Failure   Level  Hunger
a - Repel Missiles        Chrm/Air       ##....       8%          2    ###....
b - Flight                Chrm/Air       ##........   14%         3    ###....
c - Apportation           Tloc           #.........   34%         1    #......
d - Blink                 Tloc           N/A          52%         2    ###....
e - Passage of Golubria   Tloc           N/A          100%        4    #####..
f - Control Teleport      Chrm/Tloc      #.........   93%         4    #####..


Dungeon Overview and Level Annotations

Branches:
Dungeon (12/15)            Temple (0/1) D:7            Lair (8/8) D:11
 Shoals (5/5) Lair:5        Snake (5/5) Lair:4        Slime (2/6) Lair:7
    Orc (4/4) D:11            Elf (3/3) Orc:3

Altars:
Elyvilon
Fedhas
Nemelex Xobeh
Qazlal
Trog
Vehumet
Xom
Yredelemnul
The Shining One
Beogh
Jiyva

Shops:
D:10 }   D:12 =?   Orc:3 [   Orc:4 (*=[   Elf:2 *   Shoals:4 :   Snake:2 !

Portals:
Trove: D:10 (give +2 storm dragon armour)

Annotations:
D:7 Joseph
Lair:4 exclusion: ice statue
Snake:4 Vashnia
Slime:2 Dissolution
Elf:2 4 runed doors


Innate Abilities, Weirdness & Mutations

You have hooves in place of feet.
Armour fits poorly on your strangely shaped body.
You cover ground very quickly.
You have extremely tough skin (AC +3).
You have a pair of small horns on your head.
You are agile. (Dex +2)


Message History

You headbutt Dissolution.
Dissolution is severely wounded.
You hit the slime creature but do no damage.
The slime creature is almost dead.
Dissolution hits you!!
You are splashed with acid!
The acid corrodes your equipment!
The acid burns!
Dissolution hits you.
You are splashed with acid!
The acid corrodes your equipment!
The acid burns!
The giant eyeball gazes at you.
You suddenly lose the ability to move!
The slime creature hits you. Dissolution hits you!
You are splashed with acid!
The acid burns!
Dissolution hits you.
You are splashed with acid!
The acid corrodes your equipment!
The acid burns!
The slime creature hits you.
* * * LOW HITPOINT WARNING * * *
Dissolution hits you!!
* * * LOW HITPOINT WARNING * * *
You are splashed with acid!
The acid burns!
* * * LOW HITPOINT WARNING * * *
Dissolution hits you!!
You die...

. ... .... ....
G....
.....##..#...
...............
. .....J.......
#..#...........
##...GJJG....#..
#......@........
##.#.#..........
#..#.#....
...##....# ...##
..# # #.## ...
## #


You could see Dissolution, a great orb of eyes, 2 slime creatures and 2 giant
eyeballs.

Vanquished Creatures
  Saint Roka (Orc:4)
  Mara (Snake:5)
  Nikola (Snake:5)
  An Ice Fiend (IceCv)
  Asterion (Snake:1)
  2 deep elf blademasters (Elf:3)
  2 deep elf master archers (Elf:3)
  An acid blob (Slime:2)
  An Executioner (Elf:3)
  Rupert (Snake:5)
  An azure jelly (Slime:2)
  Kirke (Snake:4)
  Frances (Snake:4)
  Ilsuiw (Shoals:4)
  8 greater nagas
  Donald (Orc:4)
  An orc warlord (Orc:4)
  Aizul (Snake:4)
  8 deep elf sorcerers
  6 deep elf demonologists (Elf:3)
  Azrael (Elf:2)
  5 deep elf annihilators (Elf:3)
  5 merfolk javelineers
  Snorg (Orc:3)
  A minotaur (Lab)
  11 deep elf death magi (Elf:3)
  3 deep elf high priests (Elf:3)
  2 merfolk impalers
  Fannar (Lair:4)
  18 naga warriors
  7 hydras
  A merfolk avatar (Shoals:4)
  5 anacondas
  An alligator snapping turtle (Shoals:2)
  2 merfolk aquamancers (Shoals:5)
  4 dancing weapons (Elf:2)
  5 death yaks
  12 naga sharpshooters
  A sun demon (Elf:3)
  Urug (Orc:2)
  2 orc high priests
  Nergalle (Orc:4)
  2 shock serpents
  13 deep elf knights
  4 sea snakes
  4 naga ritualists
  4 ice devils (IceCv)
  10 deep elf summoners
  5 orc knights (Orc:4)
  4 harpies (Shoals:2)
  8 unseen horrors (Elf:3)
  A mana viper (Snake:3)
  9 deep elf conjurers
  2 hill giants (D:11)
  2 griffons
  A cyclops (Orc:3)
  4 salamanders
  An ugly thing (D:12)
  5 manticores
  8 fauns
  4 orc sorcerers
  4 sirens
  6 guardian serpents
  22 elephants
  14 naga magi
  23 black mambas
  26 spiny frogs
  A yaktaur (shapeshifter) (Elf:2)
  A hellwing (Elf:3)
  A jumping spider (Elf:1)
  8 komodo dragons
  4 red devils (Elf:1)
  6 fire drakes
  2 anaconda simulacra (IceCv)
  A golden dragon simulacrum (IceCv)
  7 deep elf priests
  A wolf spider simulacrum (IceCv)
  3 freezing wraiths (Elf:2)
  5 trolls
  Sonja (D:11)
  2 giant leeches (Lair:8)
  A blue devil (Lair:4)
  15 merfolk
  5 slime creatures (Slime:1)
  3 snapping turtles
  4 dire elephant simulacra (IceCv)
  A spriggan (Lair:8)
  A trapdoor spider (D:11)
  21 deep elf magi
  2 water elementals
  23 blink frogs
  A tarantella (Elf:1)
  2 shadows (Lab)
  A hungry ghost (D:10)
  12 yaks
  A wyvern (D:11)
  2 basilisks
  Eustachio (D:7)
  A fire bat (Volcano)
  2 hogs (Snake:4)
  23 deep elf fighters
  Grum (Orc:1)
  2 death yak simulacra (IceCv)
  8 hippogriffs
  5 fire elementals (Elf:2)
  3 vampire mosquitoes (Lair:8)
  12 wolves
  3 harpy simulacra (IceCv)
  20 water moccasins
  An iron troll simulacrum (IceCv)
  4 wargs (Orc:4)
  42 nagas
  24 orc warriors
  4 ogres
  2 black bears
  3 hydra simulacra (IceCv)
  9 ice beasts
  11 porcupines
  An eye of draining (shapeshifter) (Elf:3)
  3 hell hounds (Elf:2)
  4 sky beasts
  11 centaurs
  An eye of draining (Slime:1)
  13 crocodiles
  A lost soul (Elf:3)
  2 big kobolds
  32 giant frogs
  Blork the orc (D:8)
  A gnoll sergeant (D:7)
  A wyvern zombie (D:11)
  A scorpion (D:11)
  A troll skeleton (Lab)
  A warg skeleton (Orc:4)
  4 wights (D:10)
  2 spriggan skeletons (Lab)
  A killer bee (D:10)
  A goliath beetle (D:11)
  A crimson imp (D:10)
  2 hounds
  A jelly (D:11)
  2 electric eels (Lair:8)
  A giant frog zombie (D:6)
  A draconian simulacrum (IceCv)
  A quasit (D:10)
  Crazy Yiuf (D:4)
  5 iguanas
  20 orc priests
  A giant frog skeleton (D:5)
  28 orc wizards
  4 hell rats
  27 sheep
  3 troll simulacra (IceCv)
  5 worker ants
  A polar bear simulacrum (IceCv)
  2 centaur simulacra (IceCv)
  11 adders
  6 gnolls (D:7)
  2 worker ant zombies (D:10)
  An ogre simulacrum (IceCv)
  A naga simulacrum (IceCv)
  78 river rats
  2 shadow imps
  6 white imps
  3 worms
  2 ufetubi (IceCv)
  A giant eyeball (Slime:2)
  10 orc skeletons (Orc:4)
  2 giant geckos
  An ooze (D:3)
  165 orcs
  13 bats
  A bat skeleton (D:5)
  A giant cockroach (D:2)
  18 goblins
  7 hobgoblins
  11 kobolds
  11 quokkas
  A giant gecko zombie (D:7)
  2 giant newts
  A giant spore (D:8)
  A goblin skeleton (Orc:4)
  12 rats
  6 ballistomycetes
  2 crawling corpses (Elf:3)
  12 fungi
  20 plants
1234 creatures vanquished.

Vanquished Creatures (collateral kills)
  A greater naga (Snake:5)
  A naga sharpshooter (Snake:5)
  A naga mage (Snake:5)
  3 nagas (Snake:5)
6 creatures vanquished.

Vanquished Creatures (others)
  A greater naga (Snake:5)
  A deep elf conjurer (Elf:1)
  A drowned soul (Shoals:4)
  4 humans (Snake:4)
  A naga (Snake:5)
  A fire elemental (Elf:3)
  2 lost souls (Elf:3)
  A giant frog (D:9)
  A river rat (Lair:7)
  A giant spore (D:9)
  12 fungi
  4 plants (Lair:8)
  10 toadstools (Lair:7)
40 creatures vanquished.

Grand Total: 1280 creatures vanquished

Notes
Turn   | Place    | Note
--------------------------------------------------------------
     0 | D:1      | timbw, the Centaur Fighter, began the quest for the Orb.
     0 | D:1      | Reached XP level 1. HP: 19/19 MP: 1/1
    85 | D:2      | Found a blossoming altar of Fedhas.
   160 | D:2      | Reached XP level 2. HP: 24/26 MP: 2/2
   192 | D:2      | Found a radiant altar of Vehumet.
   521 | D:3      | Reached XP level 3. HP: 23/31 MP: 3/3
   781 | D:4      | Found a stormy altar of Qazlal.
   863 | D:4      | Reached skill level 4 in Axes
   863 | D:4      | Reached XP level 4. HP: 30/38 MP: 3/3
   935 | D:4      | Found a white marble altar of Elyvilon.
  1099 | D:4      | Noticed Crazy Yiuf
  1106 | D:4      | Killed Crazy Yiuf
  1106 | D:4      | Reached XP level 5. HP: 39/45 MP: 4/4
  1190 | D:4      | Noticed a moth of wrath
  1192 | D:4      | Found a bloodstained altar of Trog.
  1230 | D:4      | Reached skill level 5 in Axes
  1313 | D:5      | Entered Level 5 of the Dungeon
  1461 | D:5      | Found a basalt altar of Yredelemnul.
  1579 | D:5      | Noticed an ogre
  1593 | D:5      | Killed an ogre
  1593 | D:5      | Reached skill level 6 in Axes
  1593 | D:5      | Reached XP level 6. HP: 21/51 MP: 5/5
  1761 | D:5      | Found a shimmering altar of Xom.
  2006 | D:6      | Found a glowing golden altar of the Shining One.
  2022 | D:6      | Became a worshipper of the Shining One
  2145 | D:6      | Found a sparkling altar of Nemelex Xobeh.
  2158 | D:6      | Reached skill level 7 in Axes
  2158 | D:6      | Reached XP level 7. HP: 57/57 MP: 5/5
  2363 | D:7      | Noticed Joseph
  2686 | D:7      | Found a staircase to the Ecumenical Temple.
  2690 | D:7      | Noticed Eustachio
  2734 | D:7      | Killed Eustachio
  2734 | D:7      | Reached skill level 8 in Axes
  3009 | D:8      | Noticed Blork the orc
  3015 | D:8      | Killed Blork the orc
  3309 | D:9      | Noticed a six-headed hydra
  3318 | D:10     | Entered Level 10 of the Dungeon
  3322 | D:10     | Reached XP level 8. HP: 35/63 MP: 6/6
  3494 | D:10     | Reached skill level 9 in Axes
  3596 | D:10     | Got a steaming copper ring
  3597 | D:10     | Identified the ring of Mnuopp {rPois rF++ MR+ Stlth+} (You found it on level 10 of the Dungeon)
  3598 | D:10     | Noticed a troll
  3598 | D:10     | Acquired the Shining One's first power
  3616 | D:10     | Killed a troll
  3728 | D:10     | Reached skill level 10 in Axes
  3798 | D:10     | Found a staircase to the Orcish Mines.
  3809 | D:10     | Found a portal to a secret trove of treasure.
  3992 | D:10     | Reached XP level 9. HP: 58/69 MP: 7/7
  4064 | D:10     | Found Ateu's Gadget Boutique.
  4117 | D:10     | Noticed a deep elf mage
  4125 | D:10     | Killed a deep elf mage
  4125 | D:10     | Reached skill level 11 in Axes
  4344 | D:10     | Noticed a yak
  4344 | D:10     | Noticed a yak
  4344 | D:10     | Noticed a yak
  4344 | D:10     | Noticed a yak
  4344 | D:10     | Noticed a yak
  4345 | D:10     | Noticed a yak
  4355 | D:10     | Killed a yak
  4383 | D:10     | Killed a yak
  4396 | D:10     | Killed a yak
  4400 | D:10     | Killed a yak
  4504 | D:10     | Killed a yak
  4504 | D:10     | Reached skill level 12 in Axes
  4542 | D:10     | Killed a yak
  4590 | D:11     | Noticed a four-headed hydra
  4615 | D:11     | Reached skill level 5 in Fighting
  4726 | D:11     | Noticed a hill giant
  4741 | D:11     | Killed a hill giant
  4741 | D:11     | Reached XP level 10. HP: 41/81 MP: 7/7
  4820 | D:11     | Found a staircase to the Lair.
  5017 | D:12     | Found a labyrinth entrance.
  5017 | D:12     | Found a flickering gateway to a bazaar.
  5025 | D:12     | Noticed a white ugly thing
  5027 | D:12     | Found Kliemenn's Magic Scroll Shoppe.
  5031 | Bazaar   | Entered a bazaar
  5031 | Bazaar   | Found Niejoxep's Magic Scroll Shoppe.
  5031 | Bazaar   | Found Nepyxyud's Jewellery Boutique.
  5031 | Bazaar   | Found Zivopur's Jewellery Shoppe.
  5033 | Bazaar   | Found Godghach's Jewellery Shop.
  5033 | Bazaar   | Found Xolu's Assorted Antiques.
  5087 | Bazaar   | Bought a scroll of enchant armour for 90 gold pieces
  5087 | Bazaar   | Bought a scroll of fear for 42 gold pieces
  5088 | Bazaar   | Bought a scroll of recharging for 114 gold pieces
  5088 | Bazaar   | Bought a scroll of identify for 24 gold pieces
  5088 | Bazaar   | Bought a scroll of recharging for 114 gold pieces
  5114 | Lab      | Entered a labyrinth
  5231 | Lab      | Acquired the Shining One's second power
  5250 | Lab      | Reached skill level 13 in Axes
  5265 | Lab      | Got a sparkling granite ring
  5337 | Lab      | Noticed a minotaur
  5351 | Lab      | Killed a minotaur
  5353 | Lab      | Got a shimmering zirconium amulet
  5359 | Lab      | Identified the amulet of Fyemit {Faith rElec rC+ MR+ Int+3} (You took it off a minotaur in a labyrinth)
  5371 | Lab      | Got a warped bronze ring
  5376 | Lab      | Identified the Compendium of the Hurtful Entourage (You found it in a labyrinth)
  5383 | Lab      | Got a sapphire battleaxe
  5384 | Lab      | Identified the ring of Dueddure {Ice rElec Dex+4 Stlth-} (You found it in a labyrinth)
  5401 | D:12     | Killed a white ugly thing
  5418 | D:12     | Found Orchan's Jewellery Boutique.
  5441 | D:12     | Noticed an ogre mage
  5527 | Lair:1   | Entered Level 1 of the Lair of Beasts
  5640 | Lair:1   | Found a dark tunnel.
  5693 | Volcano  | Entered a volcano
  5741 | Volcano  | Reached XP level 11. HP: 64/92 MP: 8/8
  5937 | Lair:1   | Identified the ring of Qefi {SustAb rElec MR- Int+2 SInv} (You found it in a labyrinth)
  6021 | Lair:1   | Reached skill level 14 in Axes
  6295 | Lair:3   | Noticed a death yak
  7074 | Lair:1   | Noticed a six-headed hydra
  7229 | Lair:1   | Identified the cursed -1 battleaxe of Ukutuug {chop, rF- Str+10 Dex+2} (You found it in a labyrinth)
  7616 | Lair:1   | Reached skill level 15 in Axes
  7758 | Lair:1   | Gained mutation: You are agile. (Dex +2) [potion of beneficial mutation]
  8136 | Lair:3   | Noticed a death yak
  8140 | Lair:3   | Noticed a death yak
  8140 | Lair:3   | Noticed a death yak
  8419 | Lair:2   | Killed a death yak
  8511 | Lair:3   | Reached XP level 12. HP: 81/104 MP: 9/9
  8549 | Lair:3   | Noticed a death yak
  8558 | Lair:3   | Killed a death yak
  8559 | Lair:3   | Killed a death yak
  8563 | Lair:3   | Killed a death yak
  8563 | Lair:3   | Killed a death yak
  8692 | Lair:4   | Noticed Fannar
  8708 | Lair:4   | Killed Fannar
  8734 | Lair:4   | Found a staircase to the Snake Pit.
  8895 | Lair:4   | Reached skill level 16 in Axes
  8907 | Lair:4   | Reached skill level 10 in Fighting
  9008 | Lair:4   | Noticed a five-headed hydra
  9046 | Lair:4   | Acquired the Shining One's third power
  9492 | Lair:4   | Killed a one-headed hydra
  9527 | Lair:5   | Found a staircase to the Shoals.
 10099 | Lair:6   | Noticed a seven-headed hydra
 10152 | Lair:6   | Killed a one-headed hydra
 10275 | Lair:6   | Reached XP level 13. HP: 100/116 MP: 9/9
 10332 | Lair:6   | Reached skill level 17 in Axes
 11028 | Lair:8   | Entered Level 8 of the Lair of Beasts
 11132 | Lair:8   | Acquired the Shining One's fourth power
 11307 | Lair:8   | Reached skill level 18 in Axes
 11959 | Lair:8   | Reached XP level 14. HP: 99/125 MP: 10/10
 12613 | Lair:7   | Found a viscous altar of Jiyva.
 12614 | Lair:7   | Found a staircase to the Slime Pits.
 12826 | D:11     | Noticed Sonja
 12850 | D:11     | Killed Sonja
 13029 | D:11     | Noticed a hill giant
 13036 | D:11     | Killed a hill giant
 13231 | D:11     | Killed a two-headed hydra
 13231 | D:11     | Reached skill level 19 in Axes
 13372 | D:11     | Found a staircase to the Orcish Mines.
 13377 | Orc:1    | Entered Level 1 of the Orcish Mines
 13444 | Orc:1    | Noticed Grum
 13457 | Orc:1    | Killed Grum
 13543 | Orc:2    | Noticed Urug
 13555 | Orc:2    | Killed Urug
 13747 | Orc:3    | Found Wofam's Antique Armour Boutique.
 13771 | Orc:3    | Noticed Snorg
 13782 | Orc:3    | Killed Snorg
 13783 | Orc:3    | Found a staircase to the Elven Halls.
 14120 | Orc:4    | Entered Level 4 of the Orcish Mines
 14261 | Orc:4    | Noticed Saint Roka
 14278 | Orc:4    | Killed Saint Roka
 14355 | Orc:4    | Noticed Nergalle
 14362 | Orc:4    | Killed Nergalle
 14764 | Orc:4    | Found a roughly hewn altar of Beogh.
 14766 | Orc:4    | Noticed an orc warlord
 14816 | Orc:4    | Killed an orc warlord
 14816 | Orc:4    | Reached skill level 5 in Armour
 14859 | Orc:4    | Found Mabruryrch's Antique Weapon Boutique.
 14888 | Orc:4    | Found Cauta's General Store.
 14905 | Orc:4    | Found Ketwuox's Antique Armour Boutique.
 14928 | Orc:4    | Found Yfaud's Jewellery Boutique.
 14954 | Orc:4    | Bought a potion of heal wounds for 85 gold pieces
 14954 | Orc:4    | Bought a potion of heal wounds for 85 gold pieces
 15025 | Orc:4    | Noticed Donald
 15042 | Orc:4    | Killed Donald
 15208 | Orc:3    | Bought the +0 cloak of Starlight {rElec rC+ EV+4 Stlth-} for 940 gold pieces
 15257 | Elf:1    | Entered Level 1 of the Elven Halls
 15257 | Elf:1    | Noticed a deep elf sorcerer
 15266 | Elf:1    | Reached XP level 15. HP: 125/132 MP: 11/11
 15271 | Elf:1    | Killed a deep elf sorcerer
 15302 | Elf:1    | Reached skill level 1 in Dodging
 15520 | Elf:2    | Reached skill level 20 in Axes
 15632 | Elf:2    | Found a large runed door.
 15632 | Elf:2    | Found a large runed door.
 15657 | Elf:2    | Found a large runed door.
 15658 | Elf:2    | Found a large runed door.
 15779 | Elf:2    | Found Voani's General Store.
 15840 | Elf:2    | Found a frozen archway.
 15846 | IceCv    | Entered an ice cave
 16187 | IceCv    | HP: 6/133 [dire elephant simulacrum (13)]
 16339 | IceCv    | Noticed an Ice Fiend
 16445 | IceCv    | Killed an Ice Fiend
 16679 | Elf:2    | Bought a potion of haste for 150 gold pieces
 16683 | Elf:3    | Entered Level 3 of the Elven Halls
 16820 | Elf:3    | Got an ichor-stained broad axe
 16821 | Elf:3    | Identified the +9 broad axe "Sifutud" {holy, +Inv rF+ MR+ Str-5 Stlth+} (You found it on level 3 of the Elven Halls)
 16961 | Elf:3    | Learned a level 2 spell: Repel Missiles
 16965 | Elf:3    | Learned a level 3 spell: Flight
 17029 | Elf:3    | Learned a level 1 spell: Apportation
 17032 | Elf:3    | Learned a level 2 spell: Blink
 17037 | Elf:3    | Learned a level 4 spell: Passage of Golubria
 17284 | Elf:3    | Reached skill level 5 in Dodging
 17284 | Elf:3    | Reached XP level 16. HP: 144/144 MP: 11/11
 17416 | Elf:3    | Noticed a deep elf blademaster
 17427 | Elf:3    | Killed a deep elf blademaster
 17448 | Elf:3    | Noticed an Ice Fiend
 17494 | Elf:3    | Noticed a deep elf master archer
 17508 | Elf:3    | Killed a deep elf master archer
 17567 | Elf:3    | Noticed a deep elf master archer
 17591 | Elf:3    | Killed a deep elf master archer
 17682 | Elf:3    | Noticed a deep elf blademaster
 17758 | Elf:3    | Killed a deep elf blademaster
 17960 | Elf:3    | Identified Sithikh's Catalogue of the Blaze and Arcane Weapons
 18021 | Elf:3    | Identified the Collected Works on Blistering Conjuration
 18123 | Elf:3    | Got a vibrating iron ring
 18125 | Elf:3    | Identified the ring "Peprus" {rN+ MR- MP+9 AC+4} (You took it off a deep elf death mage on level 3 of the Elven Halls)
 18146 | Elf:3    | Got a flickering lapis lazuli ring
 18184 | Elf:3    | Identified the ring of Plog {rF+ MR+ Str+4} (You took it off a deep elf sorcerer on level 3 of the Elven Halls)
 18458 | Elf:2    | Noticed Azrael
 18474 | Elf:2    | Killed Azrael
 19074 | Snake:1  | Entered Level 1 of the Snake Pit
 19127 | Snake:1  | Reached XP level 17. HP: 143/154 MP: 12/12
 19147 | Snake:1  | Learned a level 4 spell: Control Teleport
 19234 | Snake:1  | Noticed Asterion
 19252 | Snake:1  | Killed Asterion
 19438 | Snake:2  | Reached skill level 1 in Air Magic
 19699 | Snake:2  | Reached skill level 1 in Spellcasting
 19699 | Snake:2  | Reached skill level 1 in Charms
 19869 | Snake:2  | Found Vemioteo's Distillery.
 19879 | Snake:2  | Bought a potion of might for 84 gold pieces
 19879 | Snake:2  | Bought a potion of restore abilities for 105 gold pieces
 19879 | Snake:2  | Bought a potion of heal wounds for 105 gold pieces
 19879 | Snake:2  | Bought a potion of heal wounds for 105 gold pieces
 19879 | Snake:2  | Bought a potion of curing for 63 gold pieces
 19879 | Snake:2  | Bought a potion of curing for 63 gold pieces
 20733 | Snake:4  | Noticed Kirke
 20741 | Snake:4  | Killed Kirke
 20806 | Snake:4  | Reached skill level 1 in Invocations
 20806 | Snake:4  | Reached skill level 1 in Evocations
 20812 | Snake:4  | Noticed Vashnia
 21276 | Snake:4  | Noticed Aizul
 21288 | Snake:4  | Killed Aizul
 21435 | Snake:4  | Noticed Frances
 21448 | Snake:4  | Killed Frances
 21543 | Snake:5  | Entered Level 5 of the Snake Pit
 21574 | Snake:5  | Noticed Mara
 21580 | Snake:5  | Noticed timbw's illusion
 21757 | Snake:5  | Noticed timbw's illusion
 21764 | Snake:5  | Killed Mara
 21876 | Snake:5  | Reached skill level 5 in Air Magic
 21973 | Snake:5  | Reached skill level 15 in Fighting
 22109 | Snake:5  | Noticed Nikola
 22206 | Snake:5  | Killed Nikola
 22263 | Snake:5  | Noticed Rupert
 22288 | Snake:5  | Killed Rupert
 22530 | Snake:5  | Reached skill level 5 in Invocations
 22530 | Snake:5  | Reached XP level 18. HP: 137/163 MP: 24/24
 22964 | Snake:5  | Reached skill level 5 in Evocations
 23165 | Snake:5  | Got a serpentine rune of Zot
 23507 | Shoals:1 | Entered Level 1 of the Shoals
 24040 | Shoals:4 | Found Jefow's Book Shoppe.
 24214 | Shoals:4 | Noticed Ilsuiw
 24242 | Shoals:4 | Killed Ilsuiw
 24439 | Shoals:5 | Entered Level 5 of the Shoals
 24449 | Shoals:5 | Gained mutation: You have a pair of small horns on your head. [potion of beneficial mutation]
 24527 | Shoals:5 | Got a barnacled rune of Zot
 24813 | Slime:1  | Entered Level 1 of the Pits of Slime
 24836 | Slime:2  | Noticed Dissolution
 24847 | Slime:2  | Paralysed by a giant eyeball for 2 turns
 24849 | Slime:2  | Slain by Dissolution

Action                   |  1- 3 |  4- 6 |  7- 9 | 10-12 | 13-15 | 16-18 || total
-------------------------+-------+-------+-------+-------+-------+-------++-------
Melee: War axe           |    76 |   146 |    77 |    17 |    95 |       ||   411
       Broad axe         |       |       |   212 |   762 |   458 |       ||  1432
       Battleaxe         |       |       |       |       |   700 |  1014 ||  1714
 Fire: Blowgun           |       |     6 |       |       |       |       ||     6
Throw: Tomahawk          |       |       |     6 |     6 |       |       ||    12
 Cast: Repel Missiles    |       |       |       |       |     2 |    17 ||    19
       Flight            |       |       |       |       |       |     5 ||     5
Invok: Divine Shield     |       |       |       |       |       |     2 ||     2
       Summon Divine War |       |       |       |       |       |     1 ||     1
Evoke: Wand              |       |       |     7 |     5 |    16 |       ||    28
       Stone of tremors  |       |       |       |     1 |     1 |       ||     2
       Phial of floods   |       |       |       |     1 |       |       ||     1
       Lamp of fire      |       |       |       |       |       |     2 ||     2
  Use: Scroll            |     1 |     3 |    10 |    17 |    10 |    10 ||    51
       Potion            |       |     1 |       |     8 |     5 |    10 ||    24
 Stab: Distracted        |       |       |       |       |     1 |       ||     1
  Eat: Chunk             |       |     3 |     8 |    21 |    16 |    12 ||    60
       Fruit             |       |       |     3 |       |     5 |    10 ||    18
       Beef jerky        |       |       |       |       |     1 |     2 ||     3
       Bread ration      |       |       |       |       |     1 |     1 ||     2
       Pizza             |       |       |       |       |     1 |       ||     1
       Meat ration       |       |       |       |       |       |     1 ||     1
